Moose vs Heat

Created - February 2, 2022 at 19:31

Goals
1 2 3 T
Moose 1 1 1 3
Heat 0 3 2 5
Shots
1 2 3 T
Moose 9 6 10 25
Heat 8 19 13 40

1st period

1. Moose , Iiro Pakarinen 17 (Nathan Walker 13, Miro Aaltonen 26) at 10:38 (PP)

Penalties :
Trevor Carrick (Sto) for Holding (Minor) at 10:30, Tyler Shattock (Sto) for Hooking (Minor) at 16:33

2nd period

2. Heat , Matthew Nieto 16 (Victor Rask 24) at 4:04
3. Heat , Kevin Labanc 15 (Jake DeBrusk 7, Frank Corrado 8) at 5:41 (PP)
4. Moose , Michael McLeod 7 (Nikolay Goldobin 8) at 11:17
5. Heat , Victor Rask 10 (Matthew Nieto 17, Evgeny Svechnikov 7) at 14:44

Penalties :
Miro Aaltonen (Man) for Hooking (Minor) at 4:13, Frank Vatrano (Man) for Hooking (Minor) at 6:39, Nathan Walker (Man) for Slashing (Minor) at 14:59

3rd period

6. Heat , Peter Cehlarik 6 (Nico Sturm 8, Trevor Carrick 2) at 15:00
7. Moose , Miro Aaltonen 16 (Troy Stetcher 27, Ludwig Bystrom 12) at 16:53 (PP)
8. Heat , Jake DeBrusk 13 (Kevin Labanc 23, Petteri Lindbohm 4) at 18:30

Penalties :
Tyler Shattock (Sto) for Interference (Minor) at 2:03, Troy Stetcher (Man) for Hooking (Minor) at 7:43, Tyler Shattock (Sto) for Holding (Minor) at 16:40

Goalie Stats

Filip Gustavsson (Man), 35 saves from 40 shots - (0.875), L, 8-5-1, 60:00 minutes
Michael Hutchinson (Sto), 22 saves from 25 shots - (0.880), W, 10-6-2, 60:00 minutes

Players Stats for Moose

Player Name              G  A  P  +/- PIM S  H  SB GA TA FO     MP     PP MP  PK MP  
------------------------------------------------------------------------------------
Carl Grundstrom          0  0  0   0  0   1  1  0  0  0  0/0     7:26   0:00   0:00 
Chase De Leo             0  0  0   0  0   2  1  0  0  0  3/3     8:13   0:00   0:47 
Dominik Kahun            0  0  0  -4  0   0  0  1  0  1  5/6    13:31   1:35   0:00 
Erik Cernak              0  0  0  -1  0   0  1  0  0  0  0/0    15:19   0:12   3:38 
Frank Vatrano            0  0  0  -4  2   0  2  0  0  0  0/0    15:19   1:35   1:02 
Iiro Pakarinen           1  0  1   0  0   4  1  2  2  1  5/8    23:43   2:44   4:20 
Jordan Martinook         0  0  0  -4  0   2  1  0  2  1  1/1    14:56   0:00   3:06 
Ludwig Bystrom           0  1  1  -1  0   3  2  4  0  3  0/0    28:29   1:46   4:11 
Matthew Benning          0  0  0  -1  0   0  1  2  0  0  0/0    11:35   0:12   0:00 
Michael McLeod           1  0  1   1  0   5  1  0  0  0  3/4    12:13   0:00   0:00 
Miro Aaltonen            1  1  2   0  2   2  0  1  0  0  10/27  22:34   2:44   3:12 
Nathan Walker            0  1  1   0  2   1  0  0  1  1  3/3    21:05   2:44   2:13 
Nikolay Goldobin         0  1  1   1  0   0  1  1  0  0  0/0    13:11   1:02   0:10 
Pierre-Luc Dubois        0  0  0   0  0   1  0  0  0  0  0/1     8:05   0:33   0:00 
Rem Pitlick              0  0  0   1  0   1  1  0  0  0  1/1    12:13   0:00   0:00 
Travis Sanheim           0  0  0  -1  0   3  0  1  0  1  0/0    17:13   2:21   0:34 
Troy Stetcher            0  1  1  -1  2   0  3  0  0  1  0/0    27:30   1:46   3:13 
Vladislav Gavrikov       0  0  0  -1  0   0  2  2  0  0  0/0    19:56   2:21   3:14 

Players Stats for Heat

Player Name              G  A  P  +/- PIM S  H  SB GA TA FO     MP     PP MP  PK MP  
------------------------------------------------------------------------------------
Evgeny Svechnikov        0  1  1   1  0   1  1  1  2  1  1/1    15:44   3:33   0:00 
Frank Corrado            0  1  1   2  0   0  1  0  1  0  0/0    21:22   2:44   1:42 
Greg Pateryn             0  0  0   2  0   0  1  0  0  0  0/0    22:24   2:44   1:42 
Jake DeBrusk             1  1  2   1  0   7  0  0  1  0  0/3    20:23   3:52   0:48 
Jesper Bratt             0  0  0   0  0   1  2  0  0  0  0/0     7:16   0:00   0:00 
Kevin Labanc             1  1  2   1  0   6  3  2  1  0  0/0    21:38   3:52   2:32 
Mathieu Brodeur          0  0  0   0  0   2  4  1  0  0  0/0    25:04   4:41   2:37 
Matthew Nieto            1  1  2   1  0   3  2  1  0  0  0/0    16:43   3:33   0:59 
Nico Sturm               0  1  1   1  0   1  0  2  0  2  2/8    14:58   0:00   1:52 
Peter Cehlarik           1  0  1   1  0   4  2  0  2  0  0/1    13:32   0:00   0:33 
Petteri Lindbohm         0  1  1   1  0   5  0  2  0  0  0/0    12:32   0:00   0:00 
Philip Varone            0  0  0   1  0   2  0  0  0  1  15/25  21:09   3:33   1:54 
Rasmus Andersson         0  0  0   0  0   1  2  1  0  0  0/0    26:06   4:41   2:37 
Ryan Spooner             0  0  0   0  0   2  2  0  0  0  0/2     7:35   0:00   0:00 
Tage Thompson            0  0  0   0  0   1  0  0  0  0  0/0     7:16   0:00   0:00 
Trevor Carrick           0  1  1   1  2   0  1  0  1  0  0/0    12:31   0:00   0:00 
Tyler Shattock           0  0  0   1  6   0  0  1  1  1  0/0    13:25   0:00   0:00 
Victor Rask              1  1  2   1  0   4  2  0  0  0  5/14   15:59   3:52   0:00 

3 Stars

1 - Kevin Labanc (Sto)
2 - Matthew Nieto (Sto)
3 - Victor Rask (Sto)

Power Play

Moose - 2 on 4 Attempt(s) - 50.00%
Heat - 1 on 4 Attempt(s) - 25.00%

Penalty Kill

Moose - 3 on 4 Attempt(s) - 75.00% - Score 0 goal in Penalty Kill
Heat - 2 on 4 Attempt(s) - 50.00% - Score 0 goal in Penalty Kill

Team Stat

Moose - Hits : 18 - Faceoff Wins : 31 - Blocked Shots : 14 - Penalty Minutes : 8
Heat - Hits : 23 - Faceoff Wins : 23 - Blocked Shots : 11 - Penalty Minutes : 8

Official

Referees : Gord Dwyer and Trevor Hanson
Linesman : Greg Devorski and Ryan Galloway

Game Notes

No Game Note

Finance

Level 1 -- Attendance: 1979 (98.95%) -- Ticket Income $69,265
Level 2 -- Attendance: 1000 (100.00%) -- Ticket Income $15,000
Total Attendance: 2979 (99.30%)
Total Ticket Income: $84,265
Other Income: $4,213
Total Income: $88,478

Moose

5 vs 5 Forward 
   Center                   Left Wing                Right Wing               Time % Phy DF OF 
 1 Miro Aaltonen            Nathan Walker            Iiro Pakarinen           40     1   2  2  
 2 Dominik Kahun            Jordan Martinook         Frank Vatrano            30     1   2  2  
 3 Michael McLeod           Nikolay Goldobin         Rem Pitlick              20     1   2  2  
 4 Chase De Leo             Pierre-Luc Dubois        Carl Grundstrom          10     1   2  2  

5 vs 5 Defense 
   Defense                  Defense                                           Time % Phy DF OF 
 1 Troy Stetcher            Ludwig Bystrom                                    40     1   2  2  
 2 Travis Sanheim           Vladislav Gavrikov                                30     1   2  2  
 3 Matthew Benning          Erik Cernak                                       20     1   2  2  
 4 Troy Stetcher            Ludwig Bystrom                                    10     1   2  2  

PowerPlay Forward 
   Center                   Left Wing                Right Wing               Time % Phy DF OF 
 1 Miro Aaltonen            Nathan Walker            Iiro Pakarinen           60     1   2  2  
 2 Dominik Kahun            Nikolay Goldobin         Frank Vatrano            40     1   2  2  

PowerPlay Defense
   Defense                  Defense                                           Time % Phy DF OF 
 1 Troy Stetcher            Ludwig Bystrom                                    60     1   2  2  
 2 Vladislav Gavrikov       Travis Sanheim                                    40     1   2  2  

Penalty Kill 4 Players Forward 
   Center                   Wing                     Time % Phy DF OF 
 1 Iiro Pakarinen           Miro Aaltonen            60     1   2  2  
 2 Frank Vatrano            Nathan Walker            40     1   2  2  

Penalty Kill 4 Players Defense
   Defense                  Defense                  Time % Phy DF OF 
 1 Troy Stetcher            Ludwig Bystrom           60     1   2  2  
 2 Vladislav Gavrikov       Erik Cernak              40     1   2  2  

Penalty Kill - 3 Players Forward 
   Forward                                           Time % Phy DF OF 
 1 Iiro Pakarinen                                    60     1   2  2  
 2 Miro Aaltonen                                     40     1   2  2  

Penalty Kill - 3 Players Defense
   Defense                  Defense                  Time % Phy DF OF 
 1 Troy Stetcher            Ludwig Bystrom           60     1   2  2  
 2 Vladislav Gavrikov       Erik Cernak              40     1   2  2  

4 vs 4 Forward 
   Center                   Wing                     Time % Phy DF OF 
 1 Iiro Pakarinen           Miro Aaltonen            60     1   2  2  
 2 Frank Vatrano            Nathan Walker            40     1   2  2  

4 vs 4 Defense
   Defense                  Defense                  Time % Phy DF OF 
 1 Troy Stetcher            Ludwig Bystrom           60     1   2  2  
 2 Vladislav Gavrikov       Travis Sanheim           40     1   2  2  

Last Minutes Offensive
   Center                   Left Wing                Right Wing               Defense                  Defense                  
   Miro Aaltonen            Nathan Walker            Iiro Pakarinen           Troy Stetcher            Ludwig Bystrom           

Last Minutes Defensive
   Center                   Left Wing                Right Wing               Defense                  Defense                  
   Miro Aaltonen            Nathan Walker            Iiro Pakarinen           Troy Stetcher            Ludwig Bystrom           

Goaltenders
Starting : Filip Gustavsson         
Backup : Emil Larmi               

Extra Forwards
Normal : Michael McLeod, Frank Vatrano, Rem Pitlick - PP : Pierre-Luc Dubois, Jordan Martinook - PK : Jordan Martinook
Extra Defensemen
Normal : Matthew Benning, Travis Sanheim, Vladislav Gavrikov - PP : Matthew Benning - PK : Travis Sanheim, Vladislav Gavrikov
Penalty Shots
Nikolay Goldobin, Miro Aaltonen, Michael McLeod, Nathan Walker, Rem Pitlick

Scratches
David Kase (Healthy), Jeremy Bracco (Healthy), Jesse Graham (Healthy), Mirco Mueller (Strained Back Injury), Mitchell Stephens (Healthy)
Oskar Lindblom (Healthy), Sami Niku (Healthy), Julien Gauthier (Healthy), Josh Mahura (Healthy), Max Jones (Healthy)
Nathan Bastian (Healthy), Tim Gettinger (Healthy), Joey Daccord (Healthy), Magnus Hellberg (Healthy)

Heat

5 vs 5 Forward 
   Center                   Left Wing                Right Wing               Time % Phy DF OF 
 1 Philip Varone            Jake DeBrusk             Kevin Labanc             40     1   2  2  
 2 Victor Rask              Matthew Nieto            Evgeny Svechnikov        30     1   2  2  
 3 Nico Sturm               Peter Cehlarik           Tyler Shattock           20     1   2  2  
 4 Ryan Spooner             Jesper Bratt             Tage Thompson            10     1   2  2  

5 vs 5 Defense 
   Defense                  Defense                                           Time % Phy DF OF 
 1 Mathieu Brodeur          Rasmus Andersson                                  40     1   2  2  
 2 Greg Pateryn             Frank Corrado                                     30     1   2  2  
 3 Trevor Carrick           Petteri Lindbohm                                  20     1   2  2  
 4 Greg Pateryn             Rasmus Andersson                                  10     1   2  2  

PowerPlay Forward 
   Center                   Left Wing                Right Wing               Time % Phy DF OF 
 1 Victor Rask              Jake DeBrusk             Kevin Labanc             60     1   2  2  
 2 Philip Varone            Matthew Nieto            Evgeny Svechnikov        40     1   2  2  

PowerPlay Defense
   Defense                  Defense                                           Time % Phy DF OF 
 1 Mathieu Brodeur          Rasmus Andersson                                  60     1   2  2  
 2 Greg Pateryn             Frank Corrado                                     40     1   2  2  

Penalty Kill 4 Players Forward 
   Center                   Wing                     Time % Phy DF OF 
 1 Nico Sturm               Kevin Labanc             60     1   2  2  
 2 Philip Varone            Matthew Nieto            40     1   2  2  

Penalty Kill 4 Players Defense
   Defense                  Defense                  Time % Phy DF OF 
 1 Mathieu Brodeur          Rasmus Andersson         60     1   2  2  
 2 Greg Pateryn             Frank Corrado            40     1   2  2  

Penalty Kill - 3 Players Forward 
   Forward                                           Time % Phy DF OF 
 1 Nico Sturm                                        60     1   2  2  
 2 Philip Varone                                     40     1   2  2  

Penalty Kill - 3 Players Defense
   Defense                  Defense                  Time % Phy DF OF 
 1 Mathieu Brodeur          Rasmus Andersson         60     1   2  2  
 2 Greg Pateryn             Frank Corrado            40     1   2  2  

4 vs 4 Forward 
   Center                   Wing                     Time % Phy DF OF 
 1 Victor Rask              Kevin Labanc             60     1   2  2  
 2 Philip Varone            Matthew Nieto            40     1   2  2  

4 vs 4 Defense
   Defense                  Defense                  Time % Phy DF OF 
 1 Mathieu Brodeur          Rasmus Andersson         60     1   2  2  
 2 Greg Pateryn             Frank Corrado            40     1   2  2  

Last Minutes Offensive
   Center                   Left Wing                Right Wing               Defense                  Defense                  
   Victor Rask              Matthew Nieto            Kevin Labanc             Rasmus Andersson         Greg Pateryn             

Last Minutes Defensive
   Center                   Left Wing                Right Wing               Defense                  Defense                  
   Philip Varone            Matthew Nieto            Kevin Labanc             Rasmus Andersson         Greg Pateryn             

Goaltenders
Starting : Michael Hutchinson       
Backup : Vitek Vanecek            

Extra Forwards
Normal : Ryan Spooner, Nico Sturm, Peter Cehlarik - PP : Ryan Spooner, Nico Sturm - PK : Peter Cehlarik
Extra Defensemen
Normal : Mathieu Brodeur, Petteri Lindbohm, Rasmus Andersson - PP : Trevor Carrick - PK : Petteri Lindbohm, Rasmus Andersson
Penalty Shots
Matthew Nieto, Kevin Labanc, Jake DeBrusk, Victor Rask, Evgeny Svechnikov

Scratches
Alexander True (Healthy), Barclay Goodrow (Bruised Left Leg Injury), Brandon Hickey (Healthy), Chris Brown (Healthy), Christian Jaros (Healthy)
Dominik Masin (Healthy), Eric Karlsson (Healthy), John Gilmour (Healthy), Ryan Donato (Healthy), Vladislav Kamenev (Healthy)
Radim Zohorna (Healthy), Nathan Lieuwen (Healthy), Collin Delia (Healthy)

% Time on Ice - Moose

Lines # - Real PCT - Wanted PCT - Time Play
Normal Forward
1 - 35% - 40% - 16:55
2 - 25% - 30% - 11:58
3 - 25% - 20% - 11:57
4 - 15% - 10% - 7:26
Normal Defense
1 - 42% - 40% - 20:17
2 - 31% - 30% - 14:48
3 - 22% - 20% - 10:46
4 - 5% - 10% - 2:25
PP Forward
1 - 63% - 60% - 2:44
2 - 37% - 40% - 1:35
PP Defense
1 - 46% - 60% - 1:58
2 - 54% - 40% - 2:21
PK Forward
1 - 74% - 60% - 5:31
2 - 26% - 40% - 1:54
PK Defense
1 - 56% - 60% - 4:11
2 - 44% - 40% - 3:14
PK3 Forward
1 - 0% - 60%
2 - 0% - 40%
PK3 Defense
1 - 0% - 60%
2 - 0% - 40%
44 Forward
1 - 0% - 60%
2 - 0% - 40%
44 Defense
1 - 0% - 60%
2 - 0% - 40%
Last Minute Offensive  - 0:00
Last Minute Defensive  - 0:00
Total
Forward - 60:00
Defense - 60:00

% Time on Ice - Heat

Lines # - Real PCT - Wanted PCT - Time Play
Normal Forward
1 - 34% - 40% - 16:29
2 - 25% - 30% - 12:06
3 - 26% - 20% - 12:25
4 - 15% - 10% - 7:16
Normal Defense
1 - 37% - 40% - 17:46
2 - 35% - 30% - 16:56
3 - 26% - 20% - 12:32
4 - 2% - 10% - 1:02
PP Forward
1 - 52% - 60% - 3:52
2 - 48% - 40% - 3:33
PP Defense
1 - 63% - 60% - 4:41
2 - 37% - 40% - 2:44
PK Forward
1 - 77% - 60% - 3:20
2 - 23% - 40% - 0:59
PK Defense
1 - 61% - 60% - 2:37
2 - 39% - 40% - 1:42
PK3 Forward
1 - 0% - 60%
2 - 0% - 40%
PK3 Defense
1 - 0% - 60%
2 - 0% - 40%
44 Forward
1 - 0% - 60%
2 - 0% - 40%
44 Defense
1 - 0% - 60%
2 - 0% - 40%
Last Minute Offensive  - 0:00
Last Minute Defensive  - 0:00
Total
Forward - 60:00
Defense - 60:00

Play-by-Play

1st period


0:01 of 1st period - Philip Varone wins face-off versus Miro Aaltonen in neutral zone.
1:46 of 1st period - Slapshot by Jake DeBrusk.
1:46 of 1st period - Shot Blocked by Matthew Benning.
1:48 of 1st period - Slapshot by Greg Pateryn.
1:48 of 1st period - Deflect By Jake DeBrusk.
1:48 of 1st period - Shot Misses the Net.
1:48 of 1st period - Puck is out of play.
1:49 of 1st period - Evgeny Svechnikov wins face-off versus Miro Aaltonen in Moose zone.
1:58 of 1st period - Snap shot by Miro Aaltonen.
1:58 of 1st period - Stopped by Michael Hutchinson without a rebound.
1:59 of 1st period - Victor Rask wins face-off versus Miro Aaltonen in Heat zone.
2:04 of 1st period - Trevor Carrick is hit by Ludwig Bystrom and loses puck.
2:28 of 1st period - Snap shot by Miro Aaltonen.
2:28 of 1st period - Shot Blocked by Petteri Lindbohm.
2:38 of 1st period - Iiro Pakarinen is hit by Victor Rask and loses puck.
2:57 of 1st period - Snap shot by Victor Rask.
2:57 of 1st period - Shot Misses the Net.
2:59 of 1st period - Slapshot by Petteri Lindbohm.
2:59 of 1st period - Shot Misses the Net.
3:01 of 1st period - Slapshot by Petteri Lindbohm.
3:01 of 1st period - Stopped by Filip Gustavsson with a rebound.
3:03 of 1st period - Slapshot by Petteri Lindbohm.
3:03 of 1st period - Stopped by Filip Gustavsson without a rebound.
3:04 of 1st period - Dominik Kahun wins face-off versus Philip Varone in Moose zone.
3:15 of 1st period - Wrist shot by Kevin Labanc.
3:15 of 1st period - Shot Misses the Net.
3:17 of 1st period - Snap shot by Jake DeBrusk.
3:17 of 1st period - Stopped by Filip Gustavsson with a rebound.
3:19 of 1st period - Snap shot by Jake DeBrusk.
3:19 of 1st period - Stopped by Filip Gustavsson with a rebound.
3:29 of 1st period - Rasmus Andersson is hit by Vladislav Gavrikov and loses puck.
3:56 of 1st period - Snap shot by Chase De Leo.
3:56 of 1st period - Stopped by Michael Hutchinson with a rebound.
4:24 of 1st period - Michael McLeod is hit by Mathieu Brodeur and loses puck.
4:39 of 1st period - Slapshot by Ryan Spooner.
4:39 of 1st period - Shot Blocked by Ludwig Bystrom.
5:10 of 1st period - Nathan Walker is hit by Frank Corrado and loses puck.
6:07 of 1st period - Matthew Benning is hit by Trevor Carrick and loses puck.
6:41 of 1st period - Backhand shot by Nathan Walker.
6:41 of 1st period - Stopped by Michael Hutchinson with a rebound.
6:57 of 1st period - Victor Rask is hit by Jordan Martinook and loses puck.
7:02 of 1st period - Snap shot by Jordan Martinook.
7:02 of 1st period - Stopped by Michael Hutchinson with a rebound.
7:04 of 1st period - Slapshot by Ludwig Bystrom.
7:04 of 1st period - Stopped by Michael Hutchinson without a rebound.
7:05 of 1st period - Philip Varone wins face-off versus Dominik Kahun in Heat zone.
8:20 of 1st period - Wrist shot by Ryan Spooner.
8:20 of 1st period - Stopped by Filip Gustavsson without a rebound.
8:21 of 1st period - Miro Aaltonen wins face-off versus Philip Varone in Moose zone.
8:50 of 1st period - Frank Vatrano is hit by Evgeny Svechnikov and loses puck.
9:26 of 1st period - Slapshot by Travis Sanheim.
9:26 of 1st period - Stopped by Michael Hutchinson without a rebound.
9:27 of 1st period - Chase De Leo wins face-off versus Ryan Spooner in Heat zone.
10:22 of 1st period - Snap shot by Jordan Martinook.
10:22 of 1st period - Shot Blocked by Matthew Nieto.
10:30 of 1st period - Minor Penalty to Trevor Carrick for Holding.
10:31 of 1st period - Miro Aaltonen wins face-off versus Nico Sturm in Heat zone.
10:38 of 1st period - Snap shot by Iiro Pakarinen.
10:38 of 1st period - Goal by Iiro Pakarinen - Moose : 1 - Heat : 0.
10:39 of 1st period - Miro Aaltonen wins face-off versus Philip Varone in neutral zone.
11:49 of 1st period - Icing by Rasmus Andersson.
11:50 of 1st period - Miro Aaltonen wins face-off versus Victor Rask in Heat zone.
12:18 of 1st period - Snap shot by Jake DeBrusk.
12:18 of 1st period - Shot Blocked by Travis Sanheim.
13:04 of 1st period - Snap shot by Michael McLeod.
13:04 of 1st period - Stopped by Michael Hutchinson with a rebound.
14:07 of 1st period - Slapshot by Petteri Lindbohm.
14:07 of 1st period - Deflect By Jesper Bratt.
14:07 of 1st period - Stopped by Filip Gustavsson with a rebound.
14:19 of 1st period - Snap shot by Chase De Leo.
14:19 of 1st period - Shot Blocked by Nico Sturm.
14:21 of 1st period - Slapshot by Matthew Benning.
14:21 of 1st period - Shot Misses the Net.
14:23 of 1st period - Slapshot by Carl Grundstrom.
14:23 of 1st period - Shot Blocked by Petteri Lindbohm.
14:25 of 1st period - Snap shot by Chase De Leo.
14:25 of 1st period - Stopped by Michael Hutchinson without a rebound.
14:26 of 1st period - Philip Varone wins face-off versus Miro Aaltonen in Heat zone.
16:33 of 1st period - Minor Penalty to Tyler Shattock for Hooking.
16:34 of 1st period - Miro Aaltonen wins face-off versus Nico Sturm in Heat zone.
17:00 of 1st period - Nico Sturm is hit by Frank Vatrano and loses puck.
17:46 of 1st period - Slapshot by Frank Vatrano.
17:46 of 1st period - Deflect By Frank Corrado.
17:46 of 1st period - Shot Misses the Net.
17:46 of 1st period - Puck is out of play.
17:47 of 1st period - Dominik Kahun wins face-off versus Nico Sturm in Heat zone.
18:33 of 1st period - Penalty to Tyler Shattock is over, Tyler Shattock is back on ice.
19:52 of 1st period - Wrist shot by Philip Varone.
19:52 of 1st period - Shot Misses the Net.
19:54 of 1st period - Snap shot by Jake DeBrusk.
19:54 of 1st period - Stopped by Filip Gustavsson with a rebound.
19:56 of 1st period - Slapshot by Philip Varone.
19:56 of 1st period - Stopped by Filip Gustavsson with a rebound.
Goals for this period are 1 for Moose vs 0 for Heat.
Shots for this period are 9 for Moose vs 8 for Heat.

2nd period


0:01 of 2nd period - Miro Aaltonen wins face-off versus Jake DeBrusk in neutral zone.
0:27 of 2nd period - Jordan Martinook is hit by Mathieu Brodeur and loses puck.
0:50 of 2nd period - Snap shot by Victor Rask.
0:50 of 2nd period - Shot Misses the Net.
0:52 of 2nd period - Wrist shot by Matthew Nieto.
0:52 of 2nd period - Deflect By Evgeny Svechnikov.
0:52 of 2nd period - Shot Misses the Net.
0:52 of 2nd period - Puck is out of play.
0:53 of 2nd period - Victor Rask wins face-off versus Michael McLeod in Moose zone.
1:02 of 2nd period - Snap shot by Victor Rask.
1:02 of 2nd period - Stopped by Filip Gustavsson with a rebound.
1:04 of 2nd period - Snap shot by Matthew Nieto.
1:04 of 2nd period - Stopped by Filip Gustavsson without a rebound.
1:05 of 2nd period - Nathan Walker wins face-off versus Philip Varone in Moose zone.
1:16 of 2nd period - Snap shot by Iiro Pakarinen.
1:16 of 2nd period - Shot Misses the Net.
1:18 of 2nd period - Wrist shot by Iiro Pakarinen.
1:18 of 2nd period - Stopped by Michael Hutchinson without a rebound.
1:19 of 2nd period - Philip Varone wins face-off versus Miro Aaltonen in Heat zone.
1:30 of 2nd period - Snap shot by Kevin Labanc.
1:30 of 2nd period - Shot Blocked by Miro Aaltonen.
1:32 of 2nd period - Slapshot by Rasmus Andersson.
1:32 of 2nd period - Deflect By Kevin Labanc.
1:32 of 2nd period - Shot Misses the Net.
1:32 of 2nd period - Puck is out of play.
1:33 of 2nd period - Philip Varone wins face-off versus Miro Aaltonen in Moose zone.
1:47 of 2nd period - Slapshot by Kevin Labanc.
1:47 of 2nd period - Shot Misses the Net.
1:59 of 2nd period - Dominik Kahun is hit by Rasmus Andersson and loses puck.
2:10 of 2nd period - Snap shot by Victor Rask.
2:10 of 2nd period - Stopped by Filip Gustavsson with a rebound.
2:42 of 2nd period - Snap shot by Michael McLeod.
2:42 of 2nd period - Stopped by Michael Hutchinson with a rebound.
2:44 of 2nd period - Slapshot by Ludwig Bystrom.
2:44 of 2nd period - Shot Blocked by Nico Sturm.
2:46 of 2nd period - Wrist shot by Michael McLeod.
2:46 of 2nd period - Shot Blocked by Tyler Shattock.
3:06 of 2nd period - Wrist shot by Iiro Pakarinen.
3:06 of 2nd period - Stopped by Michael Hutchinson without a rebound.
3:07 of 2nd period - Miro Aaltonen wins face-off versus Philip Varone in Heat zone.
3:37 of 2nd period - Slapshot by Rasmus Andersson.
3:37 of 2nd period - Shot Blocked by Nikolay Goldobin.
4:04 of 2nd period - Slapshot by Matthew Nieto.
4:04 of 2nd period - Goal by Matthew Nieto - Moose : 1 - Heat : 1.
4:05 of 2nd period - Philip Varone wins face-off versus Miro Aaltonen in neutral zone.
4:10 of 2nd period - Slapshot by Rasmus Andersson.
4:10 of 2nd period - Deflect By Jake DeBrusk.
4:10 of 2nd period - Stopped by Filip Gustavsson without a rebound.
4:11 of 2nd period - Nathan Walker wins face-off versus Philip Varone in Moose zone.
4:13 of 2nd period - Minor Penalty to Miro Aaltonen for Hooking.
4:14 of 2nd period - Victor Rask wins face-off versus Iiro Pakarinen in Moose zone.
5:02 of 2nd period - Slapshot by Nathan Walker.
5:02 of 2nd period - Shot Blocked by Evgeny Svechnikov.
5:08 of 2nd period - Nathan Walker is hit by Rasmus Andersson and loses puck.
5:25 of 2nd period - Snap shot by Philip Varone.
5:25 of 2nd period - Deflect By Nathan Walker.
5:25 of 2nd period - Shot Misses the Net.
5:25 of 2nd period - Puck is out of play.
5:26 of 2nd period - Iiro Pakarinen wins face-off versus Victor Rask in Moose zone.
5:41 of 2nd period - Snap shot by Kevin Labanc.
5:41 of 2nd period - Goal by Kevin Labanc - Moose : 1 - Heat : 2.
5:42 of 2nd period - Philip Varone wins face-off versus Miro Aaltonen in neutral zone.
6:30 of 2nd period - Slapshot by Ryan Spooner.
6:30 of 2nd period - Shot Blocked by Iiro Pakarinen.
6:32 of 2nd period - Snap shot by Tage Thompson.
6:32 of 2nd period - Stopped by Filip Gustavsson with a rebound.
6:34 of 2nd period - Slapshot by Mathieu Brodeur.
6:34 of 2nd period - Shot Misses the Net.
6:36 of 2nd period - Wrist shot by Ryan Spooner.
6:36 of 2nd period - Stopped by Filip Gustavsson without a rebound.
6:37 of 2nd period - Dominik Kahun wins face-off versus Ryan Spooner in Moose zone.
6:39 of 2nd period - Minor Penalty to Frank Vatrano for Hooking.
6:40 of 2nd period - Victor Rask wins face-off versus Iiro Pakarinen in Moose zone.
7:24 of 2nd period - Wrist shot by Evgeny Svechnikov.
7:24 of 2nd period - Shot Blocked by Vladislav Gavrikov.
7:26 of 2nd period - Slapshot by Mathieu Brodeur.
7:26 of 2nd period - Stopped by Filip Gustavsson with a rebound.
7:28 of 2nd period - Snap shot by Matthew Nieto.
7:28 of 2nd period - Shot Misses the Net.
7:30 of 2nd period - Snap shot by Evgeny Svechnikov.
7:30 of 2nd period - Stopped by Filip Gustavsson with a rebound.
7:32 of 2nd period - Slapshot by Mathieu Brodeur.
7:32 of 2nd period - Stopped by Filip Gustavsson without a rebound.
7:33 of 2nd period - Iiro Pakarinen wins face-off versus Victor Rask in Moose zone.
7:42 of 2nd period - Slapshot by Rasmus Andersson.
7:42 of 2nd period - Stopped by Filip Gustavsson with a rebound.
8:09 of 2nd period - Snap shot by Jake DeBrusk.
8:09 of 2nd period - Shot Misses the Net.
8:11 of 2nd period - Slapshot by Mathieu Brodeur.
8:11 of 2nd period - Shot Blocked by Ludwig Bystrom.
8:13 of 2nd period - Slapshot by Mathieu Brodeur.
8:13 of 2nd period - Shot Hit the Post.
8:17 of 2nd period - Slapshot by Kevin Labanc.
8:17 of 2nd period - Shot Misses the Net.
8:19 of 2nd period - Slapshot by Victor Rask.
8:19 of 2nd period - Deflect By Jake DeBrusk.
8:19 of 2nd period - Stopped by Filip Gustavsson without a rebound.
8:20 of 2nd period - Iiro Pakarinen wins face-off versus Philip Varone in Moose zone.
8:35 of 2nd period - Snap shot by Evgeny Svechnikov.
8:35 of 2nd period - Shot Blocked by Iiro Pakarinen.
8:39 of 2nd period - Penalty to Frank Vatrano is over, Frank Vatrano is back on ice.
9:00 of 2nd period - Miro Aaltonen is hit by Ryan Spooner and loses puck.
9:11 of 2nd period - Wrist shot by Michael McLeod.
9:11 of 2nd period - Deflect By Rem Pitlick.
9:11 of 2nd period - Shot Misses the Net.
9:11 of 2nd period - Puck is out of play.
9:12 of 2nd period - Rem Pitlick wins face-off versus Peter Cehlarik in Heat zone.
9:27 of 2nd period - Snap shot by Peter Cehlarik.
9:27 of 2nd period - Stopped by Filip Gustavsson without a rebound.
9:28 of 2nd period - Dominik Kahun wins face-off versus Philip Varone in Moose zone.
9:57 of 2nd period - Wrist shot by Rem Pitlick.
9:57 of 2nd period - Stopped by Michael Hutchinson with a rebound.
10:15 of 2nd period - Frank Corrado is hit by Carl Grundstrom and loses puck.
10:34 of 2nd period - Vladislav Gavrikov is hit by Ryan Spooner and loses puck.
11:17 of 2nd period - Wrist shot by Michael McLeod.
11:17 of 2nd period - Goal by Michael McLeod - Moose : 2 - Heat : 2.
11:18 of 2nd period - Philip Varone wins face-off versus Miro Aaltonen in neutral zone.
11:55 of 2nd period - Slapshot by Troy Stetcher.
11:55 of 2nd period - Shot Misses the Net.
12:36 of 2nd period - Wrist shot by Peter Cehlarik.
12:36 of 2nd period - Stopped by Filip Gustavsson with a rebound.
12:38 of 2nd period - Snap shot by Peter Cehlarik.
12:38 of 2nd period - Shot Misses the Net.
12:40 of 2nd period - Slapshot by Frank Corrado.
12:40 of 2nd period - Shot Misses the Net.
12:42 of 2nd period - Backhand shot by Frank Corrado.
12:42 of 2nd period - Shot Misses the Net.
13:20 of 2nd period - Slapshot by Rasmus Andersson.
13:20 of 2nd period - Shot Misses the Net.
14:34 of 2nd period - Wrist shot by Victor Rask.
14:34 of 2nd period - Stopped by Filip Gustavsson with a rebound.
14:36 of 2nd period - Snap shot by Victor Rask.
14:36 of 2nd period - Shot Misses the Net.
14:38 of 2nd period - Snap shot by Evgeny Svechnikov.
14:38 of 2nd period - Shot Blocked by Ludwig Bystrom.
14:40 of 2nd period - Wrist shot by Matthew Nieto.
14:40 of 2nd period - Shot Blocked by Dominik Kahun.
14:42 of 2nd period - Snap shot by Matthew Nieto.
14:42 of 2nd period - Stopped by Filip Gustavsson with a rebound.
14:44 of 2nd period - Wrist shot by Victor Rask.
14:44 of 2nd period - Goal by Victor Rask - Moose : 2 - Heat : 3.
14:45 of 2nd period - Philip Varone wins face-off versus Miro Aaltonen in neutral zone.
14:59 of 2nd period - Minor Penalty to Nathan Walker for Slashing.
15:00 of 2nd period - Iiro Pakarinen wins face-off versus Victor Rask in Moose zone.
15:00 of 2nd period - Iiro Pakarinen is hit by Kevin Labanc.
15:15 of 2nd period - Slapshot by Rasmus Andersson.
15:15 of 2nd period - Deflect By Jake DeBrusk.
15:15 of 2nd period - Stopped by Filip Gustavsson with a rebound.
16:28 of 2nd period - Jordan Martinook is hit by Mathieu Brodeur and loses puck.
16:41 of 2nd period - Jordan Martinook is hit by Kevin Labanc and loses puck.
16:52 of 2nd period - Philip Varone is hit by Frank Vatrano.
16:59 of 2nd period - Penalty to Nathan Walker is over, Nathan Walker is back on ice.
17:06 of 2nd period - Tyler Shattock is hit by Ludwig Bystrom and loses puck.
17:31 of 2nd period - Rem Pitlick is hit by Jesper Bratt and loses puck.
18:03 of 2nd period - Evgeny Svechnikov is hit by Matthew Benning and loses puck.
18:50 of 2nd period - Snap shot by Michael McLeod.
18:50 of 2nd period - Deflect By Peter Cehlarik.
18:50 of 2nd period - Shot Blocked by Rasmus Andersson.
18:50 of 2nd period - Puck is out of play.
18:51 of 2nd period - Chase De Leo wins face-off versus Nico Sturm in Heat zone.
18:52 of 2nd period - Slapshot by Carl Grundstrom.
18:52 of 2nd period - Deflect By Peter Cehlarik.
18:52 of 2nd period - Stopped by Michael Hutchinson without a rebound.
18:53 of 2nd period - Nico Sturm wins face-off versus Pierre-Luc Dubois in Heat zone.
18:53 of 2nd period - Nico Sturm is hit by Chase De Leo.
19:26 of 2nd period - Wrist shot by Kevin Labanc.
19:26 of 2nd period - Shot Blocked by Matthew Benning.
19:44 of 2nd period - Evgeny Svechnikov is hit by Troy Stetcher and loses puck.
Goals for this period are 1 for Moose vs 3 for Heat.
Shots for this period are 6 for Moose vs 19 for Heat.

3rd period


0:01 of 3rd period - Miro Aaltonen wins face-off versus Philip Varone in neutral zone.
0:10 of 3rd period - Snap shot by Miro Aaltonen.
0:10 of 3rd period - Shot Misses the Net.
0:12 of 3rd period - Slapshot by Troy Stetcher.
0:12 of 3rd period - Shot Misses the Net.
0:14 of 3rd period - Snap shot by Iiro Pakarinen.
0:14 of 3rd period - Stopped by Michael Hutchinson with a rebound.
0:16 of 3rd period - Slapshot by Ludwig Bystrom.
0:16 of 3rd period - Shot Misses the Net.
1:03 of 3rd period - Nico Sturm is hit by Nikolay Goldobin and loses puck.
1:38 of 3rd period - Snap shot by Michael McLeod.
1:38 of 3rd period - Stopped by Michael Hutchinson with a rebound.
2:03 of 3rd period - Minor Penalty to Tyler Shattock for Interference.
2:04 of 3rd period - Philip Varone wins face-off versus Miro Aaltonen in Heat zone.
2:16 of 3rd period - Snap shot by Travis Sanheim.
2:16 of 3rd period - Stopped by Michael Hutchinson without a rebound.
2:17 of 3rd period - Philip Varone wins face-off versus Miro Aaltonen in Heat zone.
3:49 of 3rd period - Iiro Pakarinen is hit by Peter Cehlarik and loses puck.
4:03 of 3rd period - Penalty to Tyler Shattock is over, Tyler Shattock is back on ice.
4:04 of 3rd period - Rasmus Andersson is hit by Erik Cernak and loses puck.
4:26 of 3rd period - Wrist shot by Jake DeBrusk.
4:26 of 3rd period - Shot Misses the Net.
5:23 of 3rd period - Troy Stetcher is hit by Matthew Nieto and loses puck.
5:36 of 3rd period - Ryan Spooner is hit by Troy Stetcher and loses puck.
5:50 of 3rd period - Off-side.
5:51 of 3rd period - Michael McLeod wins face-off versus Nico Sturm in neutral zone.
5:58 of 3rd period - Wrist shot by Michael McLeod.
5:58 of 3rd period - Stopped by Michael Hutchinson with a rebound.
6:30 of 3rd period - Rasmus Andersson is hit by Iiro Pakarinen and loses puck.
6:41 of 3rd period - Erik Cernak is hit by Jesper Bratt.
7:01 of 3rd period - Slapshot by Rasmus Andersson.
7:01 of 3rd period - Shot Blocked by Ludwig Bystrom.
7:06 of 3rd period - Icing by Ludwig Bystrom.
7:07 of 3rd period - Chase De Leo wins face-off versus Jake DeBrusk in Moose zone.
7:07 of 3rd period - Chase De Leo is hit by Kevin Labanc.
7:18 of 3rd period - Slapshot by Philip Varone.
7:18 of 3rd period - Stopped by Filip Gustavsson with a rebound.
7:30 of 3rd period - Backhand shot by Kevin Labanc.
7:30 of 3rd period - Shot Misses the Net.
7:43 of 3rd period - Minor Penalty to Troy Stetcher for Hooking.
7:44 of 3rd period - Iiro Pakarinen wins face-off versus Victor Rask in Moose zone.
7:44 of 3rd period - Iiro Pakarinen is hit by Greg Pateryn.
8:53 of 3rd period - Snap shot by Jordan Martinook.
8:53 of 3rd period - Stopped by Michael Hutchinson without a rebound.
8:54 of 3rd period - Jordan Martinook wins face-off versus Victor Rask in Heat zone.
8:55 of 3rd period - Wrist shot by Nathan Walker.
8:55 of 3rd period - Shot Misses the Net.
9:43 of 3rd period - Penalty to Troy Stetcher is over, Troy Stetcher is back on ice.
9:59 of 3rd period - Slapshot by Tyler Shattock.
9:59 of 3rd period - Shot Blocked by Vladislav Gavrikov.
10:17 of 3rd period - Wrist shot by Trevor Carrick.
10:17 of 3rd period - Shot Misses the Net.
10:19 of 3rd period - Wrist shot by Petteri Lindbohm.
10:19 of 3rd period - Deflect By Rem Pitlick.
10:19 of 3rd period - Stopped by Filip Gustavsson without a rebound.
10:20 of 3rd period - Dominik Kahun wins face-off versus Victor Rask in Moose zone.
10:45 of 3rd period - Matthew Benning is hit by Peter Cehlarik and loses puck.
10:54 of 3rd period - Frank Corrado is hit by Troy Stetcher and loses puck.
11:37 of 3rd period - Snap shot by Kevin Labanc.
11:37 of 3rd period - Shot Misses the Net.
11:49 of 3rd period - Wrist shot by Kevin Labanc.
11:49 of 3rd period - Stopped by Filip Gustavsson without a rebound.
11:50 of 3rd period - Miro Aaltonen wins face-off versus Victor Rask in Moose zone.
11:50 of 3rd period - Miro Aaltonen is hit by Victor Rask.
11:56 of 3rd period - Snap shot by Ludwig Bystrom.
11:56 of 3rd period - Stopped by Michael Hutchinson without a rebound.
11:57 of 3rd period - Victor Rask wins face-off versus Miro Aaltonen in Heat zone.
12:15 of 3rd period - Icing by Troy Stetcher.
12:16 of 3rd period - Philip Varone wins face-off versus Iiro Pakarinen in Moose zone.
12:19 of 3rd period - Wrist shot by Kevin Labanc.
12:19 of 3rd period - Stopped by Filip Gustavsson without a rebound.
12:20 of 3rd period - Nathan Walker wins face-off versus Philip Varone in Moose zone.
12:24 of 3rd period - Ludwig Bystrom is hit by Mathieu Brodeur and loses puck.
13:04 of 3rd period - Snap shot by Nico Sturm.
13:04 of 3rd period - Stopped by Filip Gustavsson with a rebound.
13:08 of 3rd period - Slapshot by Peter Cehlarik.
13:08 of 3rd period - Stopped by Filip Gustavsson with a rebound.
13:10 of 3rd period - Backhand shot by Peter Cehlarik.
13:10 of 3rd period - Shot Misses the Net.
13:12 of 3rd period - Wrist shot by Petteri Lindbohm.
13:12 of 3rd period - Stopped by Filip Gustavsson with a rebound.
13:14 of 3rd period - Snap shot by Petteri Lindbohm.
13:14 of 3rd period - Deflect By Michael McLeod.
13:14 of 3rd period - Stopped by Filip Gustavsson with a rebound.
14:34 of 3rd period - Slapshot by Travis Sanheim.
14:34 of 3rd period - Shot Misses the Net.
14:36 of 3rd period - Snap shot by Pierre-Luc Dubois.
14:36 of 3rd period - Stopped by Michael Hutchinson with a rebound.
14:38 of 3rd period - Slapshot by Matthew Benning.
14:38 of 3rd period - Shot Blocked by Kevin Labanc.
15:00 of 3rd period - Wrist shot by Peter Cehlarik.
15:00 of 3rd period - Goal by Peter Cehlarik - Moose : 2 - Heat : 4.
15:01 of 3rd period - Philip Varone wins face-off versus Miro Aaltonen in neutral zone.
15:21 of 3rd period - Rasmus Andersson is hit by Vladislav Gavrikov and loses puck.
15:41 of 3rd period - Snap shot by Kevin Labanc.
15:41 of 3rd period - Stopped by Filip Gustavsson with a rebound.
15:45 of 3rd period - Wrist shot by Kevin Labanc.
15:45 of 3rd period - Stopped by Filip Gustavsson with a rebound.
15:47 of 3rd period - Wrist shot by Kevin Labanc.
15:47 of 3rd period - Shot Misses the Net.
15:49 of 3rd period - Slapshot by Kevin Labanc.
15:49 of 3rd period - Stopped by Filip Gustavsson without a rebound.
15:50 of 3rd period - Michael McLeod wins face-off versus Victor Rask in Moose zone.
16:18 of 3rd period - Off-side.
16:19 of 3rd period - Miro Aaltonen wins face-off versus Nico Sturm in neutral zone.
16:40 of 3rd period - Minor Penalty to Tyler Shattock for Holding.
16:41 of 3rd period - Nico Sturm wins face-off versus Miro Aaltonen in Heat zone.
16:53 of 3rd period - Slapshot by Miro Aaltonen.
16:53 of 3rd period - Goal by Miro Aaltonen - Moose : 3 - Heat : 4.
16:54 of 3rd period - Philip Varone wins face-off versus Miro Aaltonen in neutral zone.
17:03 of 3rd period - Slapshot by Miro Aaltonen.
17:03 of 3rd period - Shot Blocked by Mathieu Brodeur.
17:05 of 3rd period - Slapshot by Nathan Walker.
17:05 of 3rd period - Shot Blocked by Kevin Labanc.
17:07 of 3rd period - Slapshot by Ludwig Bystrom.
17:07 of 3rd period - Stopped by Michael Hutchinson without a rebound.
17:08 of 3rd period - Philip Varone wins face-off versus Miro Aaltonen in Heat zone.
17:33 of 3rd period - Miro Aaltonen is hit by Matthew Nieto and loses puck.
18:10 of 3rd period - Peter Cehlarik is hit by Rem Pitlick and loses puck.
18:30 of 3rd period - Snap shot by Jake DeBrusk.
18:30 of 3rd period - Goal by Jake DeBrusk - Moose : 3 - Heat : 5.
18:31 of 3rd period - Michael McLeod wins face-off versus Jake DeBrusk in neutral zone.
18:34 of 3rd period - Wrist shot by Travis Sanheim.
18:34 of 3rd period - Stopped by Michael Hutchinson with a rebound.
19:05 of 3rd period - Snap shot by Miro Aaltonen.
19:05 of 3rd period - Shot Misses the Net.
19:41 of 3rd period - Ryan Spooner is hit by Michael McLeod and loses puck.
Goals for this period are 1 for Moose vs 2 for Heat.
Shots for this period are 10 for Moose vs 13 for Heat. Output by the SimonT Hockey Simulator (STHS) for Francois Prevost - Original Page W3C HTML5 Valid
Hockey Simulator - Hockey Simulation - Hockey Manager